Map: Tourmaline LE

Players

HoldTheDoor

  • Race: Protoss Protoss
  • League: Diamond
  • Spawn Location: 7:00

Dakuu - Winner!

  • Race: Terran Terran
  • League: Diamond
  • Spawn Location: 1:00

VOD

Have the link to the VOD?

Description

Time

  • Played on: May 11, 2026, 1:01 p.m.
  • Length: 2:46
Show
View Real Time Build Order
Export as new Build Order

HoldTheDoor Protoss 

Build Orders: 1 Gate Expand 

Get SALT Encoding   

  12  0:00  Probe  
  13  0:12  Probe  
  14  0:17  Pylon  
  14  0:23  Probe  
  15  0:31  Probe  
  16  0:38  Gateway  
  16  0:39  Probe  
  16  0:49  Assimilator  
  17  0:50  Probe  
  18  1:03  Probe  
  19  1:15  Probe  
  20  1:27  Nexus  
  20  1:34  Cybernetics Core  
  20  1:36  Probe  
  21  1:42  Assimilator  
  21  1:48  Probe  
  21  1:52  Pylon  
  22  2:00  Probe  
  23  2:12  Probe  
  24  2:23  Gateway  
  24  2:24  Probe  
  25  2:35  Pylon  
Show
View Real Time Build Order
Export as new Build Order

Dakuu Terran - Winner!

Build Orders:  

Get SALT Encoding   

  12  0:00  SCV  
  13  0:12  SCV  
  14  0:18  Supply Depot  
  14  0:41  Barracks  
  14  0:45  Barracks  
  14  0:52  Refinery  
  14  1:00  SCV  
  15  1:14  SCV  
  16  1:20  Barracks  
  16  1:27  SCV  
  17  1:33  Marine  
  17  1:36  Barracks Tech Lab  
  18  1:47  Supply Depot  
  18  1:56  Marauder  
  18  2:01  Marine  
  21  2:11  Marine  
  22  2:17  Marine  
  22  2:20  Marine  
  24  2:38  Bunker  
Tags
 
Add a new tag
Caveats
  • Supply blocks, unpowered buildings, or Contaminate may cause inaccurate times.
  • Supply counts are checked every 10 seconds.